 Seeded DCSS version 0.30-a0-279-g4b46babb21 (webtiles) character file.

Game seed: 4790075131584116458 (custom seed)

34 purpskrrrp the Shooter (level 3, -6/28 HPs)
             Began as a Formicid Hunter on Oct 16, 2022.
             Mangled by an iron imp (7 damage)
             ... summoned by Natasha
             ... on level 3 of the Dungeon.
             The game lasted 00:01:25 (1707 turns).

purpskrrrp the Shooter (Formicid Hunter)            Turns: 1707, Time: 00:01:26

Health: -6/28      AC:  3    Str: 15    XL:     3   Next: 50%
Magic:  12/12      EV: 12    Int:  8    God:
Gold:   157        SH:  5    Dex: 19    Spells: 2/2 levels left

rFire   . . .      SeeInvis +    a - +0 shortbow
rCold   . . .      Faith    .    (no shield)
rNeg    . . .      Spirit   .    c - +0 leather armour
rPois   .          Reflect  +    (helmet unavailable)
rElec   .          Harm     .    (no cloak)
rCorr   .          Rampage  .    (no gloves)
Will    .....                    (no boots)
Stlth   ++........               o - amulet "Zamamn" {Reflect MP+9 SH+5}
HPRegen 0.24/turn                (no ring)
MPRegen 0.13/turn                (no ring)

@: no status effects
A: permanent stasis, dig shafts and tunnels, antennae 3, four strong arms
a: Dig, Shaft Self


You were on level 3 of the Dungeon.
You visited 1 branch of the dungeon, and saw 3 of its levels.

You collected 157 gold pieces.

Inventory:

Hand Weapons
 a - a +0 shortbow (weapon)
Armour
 c - a +0 leather armour (worn)
Jewellery
 o - the amulet "Zamamn" (around neck) {Reflect MP+9 SH+5}
   (You acquired it on level 2 of the Dungeon)

   [amulet of reflection]

   It reflects blocked missile attacks.
   MP:        It affects your magic capacity (+9).
   SH:        It affects your SH (+5).
Scrolls
 b - a scroll of immolation
 d - 2 scrolls of amnesia {unknown}
 e - 8 scrolls of identify {unknown}
 f - a scroll of magic mapping {unknown}
 g - 2 scrolls of enchant armour {unknown}
 h - a scroll of brand weapon {unknown}
 i - 2 scrolls of teleportation {unknown}
 k - a scroll of butterflies {unknown}
 n - a scroll of poison {unknown}
 q - a scroll of fear {unknown}
Potions
 j - 3 potions of flight {unknown}
 l - a potion of resistance {unknown}
 m - a potion of might {unknown}
 p - a potion of brilliance {unknown}


   Skills:
 + Level 2.7 Fighting
 + Level 4.2 Ranged Weapons
 + Level 2.2 Dodging
 + Level 2.3 Stealth


You had 2 spell levels left.
You didn't know any spells.
Your spell library contained the following spells:

 Spells                   Type           Power      Damage    Failure   Level
 Gell's Gravitas          Tloc           0%         N/A       85%         3
 Ozocubu's Armour         Ice            0%         N/A       85%         3
 Teleport Other           Tloc           0%         N/A       85%         3
 Dispersal                Tloc           0%         N/A       100%        6
 Ozocubu's Refrigeration  Ice            0%         4d7       100%        7


Dungeon Overview and Level Annotations

Branches:
Dungeon (3/15)

Altars:

Annotations:
D:3 Natasha


Innate Abilities, Weirdness & Mutations

You cannot be hasted, slowed, berserked, paralysed or teleported.
You can dig through walls and to a lower floor.
You have a pair of large antennae on your head. (SInv)
Your four strong arms can wield two-handed weapons with a shield.


Message History

Natasha wildly gestures.
You feel disoriented. Natasha claws you!
You are too injured to fight recklessly!
You are too injured to fight recklessly!
You are too injured to fight recklessly!
You are too injured to fight recklessly!
You are too injured to fight recklessly!
You are too injured to fight recklessly!
You are too injured to fight recklessly!
You are too injured to fight recklessly!
You are too injured to fight recklessly!
You are too injured to fight recklessly!
You are too injured to fight recklessly!
You are too injured to fight recklessly!
You are too injured to fight recklessly!
You are too injured to fight recklessly!
You shoot an arrow. The arrow barely misses the iron imp.
The iron imp misses you. You block Natasha's attack.
You shoot an arrow. The arrow closely misses the iron imp.
The white imp closely misses you. Natasha claws you. The iron imp hits you.
The white imp gestures at you. The puff of frost hits you!
* * * LOW HITPOINT WARNING * * *
Okay, then.
You shoot an arrow. The arrow barely misses the iron imp.
Natasha completely misses you.
The iron imp hits you but does no damage.
You block the white imp's attack. Natasha barely misses you.
You shoot an arrow. The arrow barely misses the iron imp.
The white imp hits you but does no damage.
The iron imp hits you.
* * * LOW HITPOINT WARNING * * *
Natasha stares at you and mumbles some strange words.
You resist with some effort.
You shoot an arrow. The arrow hits the iron imp!
The iron imp is heavily wounded.
The white imp closely misses you. Natasha barely misses you.
The iron imp hits you!
You die...

.####.# #.####
...##.# .....#
##.##.# #.##.#
#.##.# #.##.#
#.##.#######.##.#
#####............#
#.......######.#.#
...†....# #.#5## {
...###..# #.#@.#
.#..#...# #.h5.#
###.#..####.......#
................#..
.##.######.......<##
......# #.###.####
....#.# . #. ......#
#. ......#


You could see an iron imp (summoned), Natasha and a white imp (summoned).

Vanquished Creatures
  An adder (D:3)
  A worm (D:2)
  3 ball pythons (D:2)
  2 endoplasms
  2 giant cockroaches
  A goblin (D:1)
  5 hobgoblins
  A kobold (D:1)
  2 quokkas (D:1)
18 creatures vanquished.

Notes
Turn   | Place    | Note
-------+----------+-------------------------------------------
     0 | D:1      | purpskrrrp the Formicid Hunter began the quest for the Orb.
     0 | D:1      | Reached XP level 1. HP: 16/16 MP: 1/1
   280 | D:1      | Reached XP level 2. HP: 23/23 MP: 2/2
   988 | D:2      | Reached XP level 3. HP: 28/28 MP: 3/3
  1128 | D:2      | Identified the +1 ring mail of Boiling Hail {rPois rN+
                  | Dex-4}
  1481 | D:2      | Identified a scroll of acquirement
  1481 | D:2      | Acquired the amulet "Zamamn" {Reflect MP+9 SH+5}
  1693 | D:3      | Noticed Natasha
  1706 | D:3      | HP: 1/28 [iron imp[Natasha] (2)]
  1707 | D:3      | Mangled by an iron imp

Illustrated notes

Levels and vault maps discovered:
D:1:      amcnicky_arrival_gap_in_the_tavern_cellar, layout_basic
D:2:      layout_basic
D:3:      gammafunk_wand_slinger, layout_basic, lemuel_tele_altar,
          lightli_corner_chamber, uniq_natasha

Skill      XL: |  1  2 |
---------------+-------+-----
Dodging        | 2 |  2.2
Stealth        | 2 |  2.3
Fighting       | |  2.7
Ranged Weapons | |  4.2

Action                   || total
-------------------------++-------
 Fire: Shortbow          ||    76
  Use: Scroll            ||     1
Armor: Leather armour    ||     6
Dodge: Dodged            ||    14
Block: Other             ||     4

Table legend: (Time is in decaauts)
 A = Elapsed time spent in this place.
 B = Non-inter-level travel time spent in this place.
 C = Inter-level travel time spent in this place.
 D = Time resting spent in this place.
 E = Time spent auto-exploring this place.
 F = Levels seen in this place.
 G = Mean time per level.
                   A        B        C        D        E       F      G
               +--------+--------+--------+--------+--------+-----+--------+
         Total |   1730 |   1660 |     70 |      0 |   1483 |   3 |  576.7 |
       Dungeon |   1730 |   1660 |     70 |      0 |   1483 |   3 |  576.7 |
               +--------+--------+--------+--------+--------+-----+--------+

Top non-repeatable levels by time:
     D:2: 841 daAuts
     D:1: 777 daAuts
     D:3: 111 daAuts
